 Dungeon Crawl Stone Soup version 0.14-a0-3329-g86b2fc4 (webtiles) character file.

5306 Kae the Bludgeoner (level 10, -4/77 HPs)
             Began as a Minotaur Fighter on Mar 16, 2014.
             Was a Priest of Okawaru.
             Slain by a black mamba (11 damage)
             ... on Level 1 of the Lair of Beasts.
             The game lasted 00:12:59 (9172 turns).

Kae the Bludgeoner (Minotaur Fighter)               Turns: 9172, Time: 00:12:59

HP  -4/77        AC 12     Str 22      XL: 10   Next: 27%
MP   4/4         EV  6     Int  7      God: Okawaru [***...]
Gold 387         SH 19     Dex 10      Spells:  0 memorised,  9 levels left

rFire  . . .     SeeInvis .     a - +1,+0 flail
rCold  + . .     Clarity  +     l - +0 scale mail
rNeg   . . .     Conserve .     c - +0 shield
rPois  .         rCorr    .     (helmet restricted)
rElec  .         rRot     .     (no cloak)
SustAb . .       Spirit   .     (no gloves)
rMut   .         Warding  .     w - +0 pair of boots
Saprov . . .     Stasis   .     q - amulet of clarity
MR     .....                    k - +4 ring of protection
                                e - ring of protection from cold {unknown}

@: not resistant to hostile enchantments, extremely unstealthy
A: retaliatory headbutt, horns 2
a: Heroism, Renounce Religion


You were on level 1 of the Lair of Beasts.
You worshipped Okawaru.
Okawaru was most pleased with you.
You were very hungry.

You visited 3 branches of the dungeon, and saw 10 of its levels.

You collected 387 gold pieces.

Inventory:

Hand weapons
 a - a +1,+0 flail (weapon)
 b - a +0,+0 mace
Armour
 c - a +0 shield (worn)
 l - a +0 scale mail (worn)
 w - a +0 pair of boots (worn)
Magical devices
 u - a wand of confusion (13)
 x - a wand of fireball (3)
 y - a wand of fireball (1)
 z - a wand of hasting (5)
 A - a wand of magic darts (4)
 G - a wand of flame (11)
 J - a wand of flame (8)
Comestibles
 d - 6 bread rations
 f - 12 grapes
 g - 3 meat rations
 o - a choko
 K - an apple
Scrolls
 h - 5 scrolls of teleportation
 i - a scroll of amnesia
 n - 7 scrolls of identify
 p - 3 scrolls of remove curse
 C - a scroll of enchant armour {unknown}
Jewellery
 e - a ring of protection from cold (left hand) {unknown}
 j - a +4 ring of strength
 k - a +4 ring of protection (right hand)
 q - an amulet of clarity (around neck)
 r - a +1 ring of strength
 D - an uncursed ring of sustenance {unknown}
 F - an uncursed ring of poison resistance {unknown}
 H - an uncursed ring of sustenance {unknown}
 I - an uncursed amulet of resist mutation {unknown}
Potions
 t - 2 potions of resistance
 v - a potion of brilliance
 E - a potion of flight {unknown}
Books
 s - a book of Callings

   Spells                             Type                      Level
   Summon Small Mammal                Summoning                    1
   Call Imp                           Summoning                    2
   Call Canine Familiar               Summoning                    3
   Summon Guardian Golem              Hexes/Summoning              4
   Summon Lightning Spire             Summoning/Air                4
   Summon Ice Beast                   Ice/Summoning                4
 B - a book of the Warp

   Spells                             Type                      Level
   Control Teleport                   Charms/Translocation         4
   Phase Shift                        Translocation                5
   Warp Weapon                        Charms/Translocation         5
   Summon Forest                      Summoning/Translocation      5
   Dispersal                          Translocation                6
   Controlled Blink                   Translocation                7
   Disjunction                        Translocation                8


   Skills:
 - Level 3.6 Fighting
 + Level 16.9 Maces & Flails
 - Level 3.6 Armour
 - Level 3.6 Shields


You had 9 spell levels left.
You didn't know any spells.

Dungeon Overview and Level Annotations

Branches:
Dungeon (8/15)             Temple (1/1) D:5            Lair (1/8) D:8

Altars:
Ashenzari
Cheibriados
Dithmenos
Elyvilon
Fedhas
Kikubaaqudgha
Makhleb
Nemelex Xobeh
Okawaru
Sif Muna
Trog
Vehumet
Xom
Yredelemnul
Zin
The Shining One

Shops:
D:4 }   D:6 (

Annotations:
D:6 exclusion: door


Innate Abilities, Weirdness & Mutations

You reflexively headbutt those who attack you in melee.
You have a pair of horns on your head.


Message History

Cornered, the black mamba turns to fight!
Drink which item? (? for menu, Esc to quit)
Okay, then.
Your shield prevents you from hitting the black mamba.
The black mamba is lightly wounded.
You block the black mamba's attack. The black mamba barely misses you.
You miss the black mamba.
The black mamba is lightly wounded.
The black mamba closely misses you.
You sock the black mamba!
The black mamba is moderately wounded.
The black mamba bites you but does no damage.
You miss the black mamba.
The black mamba is moderately wounded.
The black mamba bites you but does no damage.
You block the black mamba's attack.
You sock the black mamba! You headbutt the black mamba.
The black mamba is severely wounded.
The black mamba bites you!
You die...

#.##P# ...# #..... ....
#..#.# #..#
.###>#..###### #..#
..............###..# .
##...##.####.f##..# ##.
# #..#.# ##.P##..# P.
#.##.###.......## #.
#@##..#######...#
#.#####S##.########..f#
#........#.......%...##
##............####..##
##..##...##.#.......####
#..f##..## ##...........
##..##...# #...###...#.
#.###...# ##.#.# #.###.
### #..##.#!#f##.# #.#
#.


You could see a black mamba.

Vanquished Creatures
  A hydra (Lair:1)
  2 spiny frogs (Lair:1)
  The ghost of Kae the Basher, an average MiFi (D:5)
  Prince Ribbit (D:8)
  A water moccasin (Lair:1)
  A black bear (D:8)
  A wandering mushroom (D:8)
  3 orc warriors
  3 giant goldfish (D:6)
  3 ogres
  2 centaurs
  A crocodile (Lair:1)
  2 sky beasts
  5 giant frogs
  A giant slug (Lair:1)
  3 scorpions
  3 electric eels (D:6)
  A crimson imp (D:8)
  A giant frog skeleton (D:6)
  A centaur skeleton (D:8)
  6 orc priests
  4 hounds
  3 big fish (D:6)
  8 orc wizards
  2 iguanas
  A worker ant (D:4)
  A sky beast zombie (D:5)
  Ijyb (D:7)
  An ogre zombie (D:5)
  2 ogre skeletons
  3 gnolls (D:3)
  An orc zombie (D:4)
  A worker ant zombie (D:7)
  6 adders
  3 worms
  2 adder skeletons (D:4)
  2 giant eyeballs
  6 giant geckos
  30 orcs
  A ball python (D:1)
  7 giant cockroaches
  A giant mite (D:5)
  6 goblins
  3 hobgoblins
  6 jackals
  2 quokkas
  15 bats
  A giant gecko skeleton (D:4)
  4 giant newts
  A hobgoblin skeleton (D:5)
  10 kobolds
  A kobold skeleton (D:5)
  10 rats
  A fungus (D:8)
189 creatures vanquished.

Vanquished Creatures (others)
  A rat (D:5)
  A fungus (D:8)
2 creatures vanquished.

Grand Total: 191 creatures vanquished

Notes
Turn   | Place    | Note
--------------------------------------------------------------
     0 | D:1      | Kae, the Minotaur Fighter, began the quest for the Orb.
     0 | D:1      | Reached XP level 1. HP: 19/19 MP: 1/1
   236 | D:1      | Reached XP level 2. HP: 26/26 MP: 1/1
   499 | D:2      | Reached skill level 4 in Maces & Flails
   499 | D:2      | Reached XP level 3. HP: 31/31 MP: 2/2
   636 | D:2      | Reached skill level 5 in Maces & Flails
   784 | D:2      | Found a sparkling altar of Nemelex Xobeh.
  1006 | D:3      | Reached XP level 4. HP: 7/39 MP: 2/2
  1371 | D:3      | Reached skill level 6 in Maces & Flails
  1371 | D:3      | Reached XP level 5. HP: 8/45 MP: 2/2
  1700 | D:3      | Reached skill level 7 in Maces & Flails
  2122 | D:3      | Reached XP level 6. HP: 7/51 MP: 3/3
  2452 | D:3      | Reached skill level 8 in Maces & Flails
  2640 | D:4      | Found Baesavo's Gadget Boutique.
  2787 | D:4      | Reached skill level 9 in Maces & Flails
  2787 | D:4      | Reached XP level 7. HP: 46/57 MP: 3/3
  3094 | D:4      | Reached skill level 10 in Maces & Flails
  3362 | D:5      | Entered Level 5 of the Dungeon
  3538 | D:5      | Found a basalt altar of Yredelemnul.
  3545 | D:5      | Noticed Kae's ghost (average MiFi)
  3567 | D:5      | Killed Kae's ghost
  3567 | D:5      | Reached skill level 11 in Maces & Flails
  3567 | D:5      | Reached XP level 8. HP: 31/64 MP: 3/3
  3922 | D:5      | Found a staircase to the Ecumenical Temple.
  3932 | Temple   | Entered the Ecumenical Temple
  4095 | Temple   | Became a worshipper of Warmaster Okawaru
  4512 | D:6      | Found Revviaq Hoob's Weapon Shop.
  4657 | D:6      | Reached skill level 12 in Maces & Flails
  4964 | D:6      | Paralysed by a giant eyeball for 2 turns
  5114 | D:6      | Acquired Okawaru's first power
  5114 | D:6      | Reached skill level 13 in Maces & Flails
  5743 | D:6      | Found a glowing golden altar of the Shining One.
  6058 | D:7      | Reached XP level 9. HP: 57/70 MP: 4/4
  6235 | D:7      | Found a shattered altar of Ashenzari.
  6370 | D:7      | Noticed Ijyb
  6375 | D:7      | Killed Ijyb
  6941 | D:8      | Reached skill level 14 in Maces & Flails
  7514 | D:8      | Found a blossoming altar of Fedhas.
  7618 | D:8      | Noticed Prince Ribbit
  7628 | D:8      | Killed Prince Ribbit
  7729 | D:8      | Found a staircase to the Lair.
  7772 | D:8      | Reached skill level 15 in Maces & Flails
  8438 | Lair:1   | Entered Level 1 of the Lair of Beasts
  8438 | Lair:1   | Noticed a spiny frog
  8445 | Lair:1   | Killed a spiny frog
  8466 | Lair:1   | Reached skill level 16 in Maces & Flails
  8528 | Lair:1   | Reached XP level 10. HP: 38/77 MP: 4/4
  8753 | Lair:1   | Noticed a spiny frog
  8754 | Lair:1   | Noticed a six-headed hydra
  8766 | Lair:1   | HP: 3/77 [spiny frog (14)]
  8767 | Lair:1   | HP: 1/77 [poisoned by a spiny frog]
  8775 | Lair:1   | Killed a spiny frog
  8784 | Lair:1   | Killed a six-headed hydra
  9120 | Lair:1   | Noticed a black mamba
  9153 | Lair:1   | HP: 3/77 [black mamba (14)]
  9172 | Lair:1   | Slain by a black mamba

Action                   |  1- 3 |  4- 6 |  7- 9 | 10-12 || total
-------------------------+-------+-------+-------+-------++-------
Melee: Flail             |    84 |   123 |   455 |    37 ||   699
Invok: Heroism           |       |       |     1 |     1 ||     2
Evoke: Wand              |       |       |    10 |       ||    10
  Use: Potion            |       |     5 |     1 |     3 ||     9
       Scroll            |       |     2 |     8 |     1 ||    11
